 Dungeon Crawl Stone Soup version 0.30-a0-166-g5d06c95188 (webtiles) character file.

Game seed: 4342632822692670645

73250 qw the Severer (level 15, -19/68 HPs)
             Began as a Gargoyle Fighter on Sept 29, 2022.
             Was a High Priest of Okawaru.
             Killed from afar by a wretched star (25 damage)
             ... with a lance of force
             ... on level 14 of the Dungeon.
             The game lasted 00:09:47 (21423 turns).

qw the Severer (Gargoyle Fighter)                  Turns: 21423, Time: 00:09:48

Health: -19/68     AC: 46    Str: 25      XL:     15   Next: 42%
Magic:  18/18      EV: 11    Int:  5 (6)  God:    Okawaru [*****.]
Gold:   1548       SH: 12    Dex:  9      Spells: 14/14 levels left

rFire   . . .      SeeInvis .    A - +3 broad axe (vamp)
rCold   + . .      Faith    .    c - +0 buckler
rNeg    + . .      Spirit   .    v - +4 chain mail {rC+}
rPois   inf        Reflect  +    l - +0 helmet
rElec   +          Harm     .    w - +2 cloak
rCorr   .          Rampage  inf  x - +1 pair of gloves {Str+3}
Will    +....      Rage     9%   s - +3 pair of seven-league boots {Rampage+∞}
Stlth   .......... Rnd*Tele +    g - amulet of reflection
HPRegen 0.21/turn                f - +4 ring of protection
MPRegen 0.16/turn                k - +4 ring of protection

@: heroic, flying, glowing, unable to read, unable to drink
A: sickness immunity, AC +11, big wings, negative energy resistance 1,
electricity resistance, torment resistance 1, petrification resistance, [berserk
2], [deformed body], [deterioration 2], [dopey 2], [frail 3], [low MP 2],
[screaming 2], [teleportitis 2], [weak 2], [subdued magic 2], [inability to
drink after injury 2], [inability to read after injury 2]
a: Renounce Religion, Heroism, Finesse, Duel


You were on level 14 of the Dungeon.
You worshipped Okawaru.
Okawaru was extremely pleased with you.
You visited 3 branches of the dungeon, and saw 20 of its levels.

You collected 1548 gold pieces.


Innate Abilities, Weirdness & Mutations

You are immune to sickness and miasma.
Your stone body is resilient. (AC +11)
You are immune to poison.
Your large and strong wings let you fly.
You resist negative energy. (rN+)
You are resistant to electric shocks. (rElec)
You are resistant to unholy torment.
You are immune to petrification.
[You have an uncontrollable temper.]
[Armour fits poorly on your strangely shaped body.]
[Your body often deteriorates upon taking damage.]
[You are very dopey. (Int -4)]
[You are extremely frail. (-30% HP)]
[Your magical capacity is very low. (-20% MP)]
[You frequently scream uncontrollably at your foes.]
[You are often teleported next to monsters.]
[You are very weak. (Str -4)]
[Your spells are easier to cast, but less powerful.]
[You sometimes lose the ability to drink potions when taking damage.]
[You sometimes lose the ability to read scrolls when taking damage.]


   Skills:
 - Level 13.0(18.0) Fighting
 + Level 16.3(21.3) Axes
 - Level 5.8(10.8) Throwing
 - Level 12.0(17.0) Armour
 - Level 3.3(8.3) Dodging
 - Level 8.2(13.2) Shields
 - Level 10.0 Invocations


You had 14 spell levels left.
You didn't know any spells.
Your spell library was empty.

Inventory:

Hand Weapons
 u - a +2 war axe of flaming
 A - a +3 vampiric broad axe (weapon)
Missiles
 n - 17 boomerangs (quivered)
 y - 4 javelins
Armour
 c - a +0 buckler (worn)
 l - a +0 helmet (worn)
 r - a +0 buckler of reflection
 s - the +3 pair of seven-league boots (worn) {Rampage+∞}
   (You acquired it on level 7 of the Dungeon)

   Its wearer moves as far as possible in that direction when moving towards
   enemies.
 v - a +4 chain mail of cold resistance (worn)
 w - a +2 cloak (worn)
 x - a +1 pair of gloves of strength (worn)
Jewellery
 e - a ring of ice
 f - a +4 ring of protection (left hand)
 g - an amulet of reflection (around neck)
 k - a +4 ring of protection (right hand)
 q - a ring of protection from cold
Scrolls
 i - 11 scrolls of identify
 j - 5 scrolls of teleportation
Potions
 a - 4 potions of attraction
 d - 7 potions of might
 h - 11 potions of curing
 m - 2 potions of haste
 o - 6 potions of mutation
 p - 5 potions of magic
 t - a potion of lignification
 z - 3 potions of cancellation

Dungeon Overview and Level Annotations

Branches:
Dungeon (14/15) Temple (1/1) D:7 Lair (5/5) D:11 Shoals (0/4) Lair:3 Spider (0/4) Lair:3 Slime (0/5) Lair:5 Orc (0/2) D:10 Vaults (0/5) D:12 D:13

Altars:
Ashenzari
Cheibriados
Dithmenos
Elyvilon
Fedhas
Gozag
Hepliaklqana
Kikubaaqudgha
Makhleb
Nemelex Xobeh
Okawaru
Qazlal
Ru
Sif Muna
Trog
Uskayaw
Vehumet
Wu Jian
Xom
Yredelemnul
Zin
The Shining One
Jiyva

Shops:
D:12 (   D:13 *

Portals:
Trove: D:10 (give +3 storm dragon scales)
Bailey: D:10

Annotations:
D:2 1 runed translucent door, Crazy Yiuf
D:5 3 runed translucent doors, qw's ghost, amateur GrFi
D:9 2 transporters, qw's ghost, journeyman GrFi
Lair:4 2 transporters, qw's ghost, journeyman GrFi


Message History

You destroy the wretched star!
Okawaru accepts your kill. The cherub hits you but does no damage.
You block the cherub's attack. x3
You hit the cherub but do no damage.
The cherub is severely wounded.
You miss the cherub.
The wretched star pulses with an eldritch light!
You feel weirdly uncertain.
You feel even more weirdly uncertain. You block the cherub's attack. x2
You closely miss the cherub.
The cherub is severely wounded.
You miss the cherub. You slash the wretched star!
The wretched star glows turbulently.
The lance of force hits you!!
You feel threatened and lose the ability to read scrolls!
You feel threatened and lose the ability to drink potions!
You are knocked back by the lance of force.
You slam into the metal wall!
The cherub closely misses you. x2
The wretched star glows turbulently.
The lance of force hits you!!
You are knocked back by the lance of force.
You slam into the metal wall!
You slice the cherub!!
The cherub is almost dead.
The cherub unwields a +4 flail of flaming.
It stops flaming.
The cherub wields a +0 longbow.
The cherub shoots an arrow.
You reflect the arrow off an invisible shield around you!
The arrow misses the cherub.
The cherub unwields a +0 falchion of flaming.
It stops flaming.
The cherub wields a +0 longbow.
The cherub shoots an arrow.
The arrow hits you but does no damage. The cherub barely misses you.
You block the cherub's attack.
The wretched star pulses with an eldritch light!
You feel frail.
You slice the cherub!!
You kill the cherub!
Okawaru accepts your kill.
The wretched star glows turbulently.
The lance of force hits you!!
You die...

# # .. #.### # ..# #....
## ...# .... .. ..#.#
#..# ### .#...## #..#
#### #......#### #..#
#... #...A.@..######..#
#.## #.##.*).......'...#
#.##
#....A*..#####...###.##
#......####.............
.#...## ..............
..#*# #...###..###.##
...# ............... ..#
#.. ##...##.... .. #.
...........


You could see 2 cherubim and 3 wretched stars.

Vanquished Creatures
  Rupert (D:12)
  Nessos (D:13)
  Snorg (D:14)
  4 hydras
  2 centaur warriors (D:13)
  2 catoblepae
  2 boulder beetles
  6 death yaks (Lair:5)
  4 two-headed ogres
  Urug (D:12)
  Nergalle (Lair:1)
  Sonja (Lair:1)
  A wretched star (D:14)
  A cherub (D:14)
  An orc knight (D:10)
  A lindwurm (Lair:4)
  A deep elf pyromancer (D:12)
  An oklob plant (Lair:4)
  7 ugly things
  2 manticores
  A merfolk siren (Lair:3)
  6 cyclopes
  3 black mambas
  A gargoyle (D:10)
  3 unseen horrors
  18 cane toads
  An efreet (D:13)
  4 rime drakes
  2 kobold demonologists (D:13)
  11 komodo dragons
  12 polar bears
  7 trolls
  5 hornets (Lair:5)
  4 slime creatures (D:13)
  7 dream sheep (Lair:5)
  Grinder (D:5)
  7 blink frogs
  A centaur simulacrum (D:14)
  2 vampires
  14 spriggans (Lair:5)
  5 wyverns
  2 shadows (D:12)
  Eustachio (D:5)
  6 basilisks
  16 humans (D:12)
  41 yaks
  2 steam dragons
  2 vampire mosquitoes (D:12)
  20 water moccasins
  7 black bears
  5 orc warriors
  3 ice beasts
  An ogre (D:6)
  A sky beast (D:7)
  29 wolves
  7 boggarts (Lair:5)
  9 centaurs
  7 kobold brigands
  5 bullfrogs
  4 necrophages
  6 scorpions
  12 killer bees
  2 howler monkeys (D:9)
  3 electric eels (D:11)
  3 hounds
  17 jellies
  A gnoll bouda (D:9)
  10 orc priests
  8 orc wizards
  Ijyb (D:2)
  9 iguanas
  A boggart simulacrum (D:11)
  Robin (D:3)
  8 gnolls
  7 adders
  3 white imps (D:11)
  5 ufetubi
  2 worms
  7 dart slugs
  42 orcs
  10 endoplasms
  3 giant cockroaches
  10 hobgoblins
  31 kobolds
  A quokka (D:2)
  5 ball pythons
  2 bats (D:1)
  5 frilled lizards
  22 goblins
  8 rats
569 creatures vanquished.

Vanquished Creatures (others)
  A troll (D:10)
  48 fungi
  57 plants
106 creatures vanquished.

Grand Total: 675 creatures vanquished

Notes
Turn   | Place    | Note
-------+----------+-------------------------------------------
     0 | D:1      | qw the Gargoyle Fighter began the quest for the Orb.
     0 | D:1      | Reached XP level 1. HP: 14/14 MP: 1/1
     0 | D:1      | 0 ||| qw: Version: 0.2-a-12-gaebbb33
     0 | D:1      | 0 ||| qw: Game counter: 1048
     0 | D:1      | 0 ||| qw: Always use a shield: true
     0 | D:1      | 0 ||| qw: God list: Okawaru
     0 | D:1      | 0 ||| qw: Allow faded altars: false
     0 | D:1      | 0 ||| qw: Do Orc after D:15 true
     0 | D:1      | 0 ||| qw: Do second Lair branch before Depths: true
     0 | D:1      | 0 ||| qw: Lair rune preference: random
     0 | D:1      | 0 ||| qw: Plans: Normal, Zot:1-4, God:TSO, Crypt, Tomb,
                  | Pan, Slime:5, Hells, Abyss, Orb
     0 | D:1      | 0 ||| PLANNING D:1-11
    40 | D:1      | Reached skill level 2 in Axes
   207 | D:1      | 207 ||| Stepping ~*~*~tactically~*~*~ (hiding).
   215 | D:1      | Reached XP level 2. HP: 17/19 MP: 2/2
   477 | D:1      | 477 ||| Stepping ~*~*~tactically~*~*~ (stealth).
   569 | D:1      | 569 ||| UPGRADING to +0 pair of boots.
   579 | D:1      | 579 ||| READING scroll labelled APUAGU RYDUPS.
   596 | D:1      | 596 ||| READING scroll labelled OHUDIU SEIRULL.
   604 | D:1      | 604 ||| DROPPING potion of invisibility.
   673 | D:2      | Reached skill level 3 in Axes
   678 | D:2      | Reached XP level 3. HP: 17/23 MP: 3/3
   678 | D:2      | 678 ||| STAIRDANCE
   797 | D:2      | 797 ||| Stepping ~*~*~tactically~*~*~ (hiding).
   801 | D:2      | Reached skill level 1 in Throwing
   814 | D:2      | Reached XP level 4. HP: 19/28 MP: 4/4
   907 | D:2      | 907 ||| DROPPING +0 whip.
  1027 | D:2      | 1027 ||| Stepping ~*~*~tactically~*~*~ (stealth).
  1084 | D:2      | 1084 ||| Stepping ~*~*~tactically~*~*~ (stealth).
  1091 | D:2      | 1091 ||| Stepping ~*~*~tactically~*~*~ (stealth).
  1354 | D:2      | Found a runed translucent door.
  1355 | D:2      | Noticed Crazy Yiuf
  1552 | D:2      | 1552 ||| UPGRADING to +0 chain mail.
  1562 | D:2      | 1562 ||| DROPPING +0 scale mail.
  1563 | D:2      | 1563 ||| DROPPING scarf of invisibility.
  1564 | D:2      | 1564 ||| READING 2 scrolls labelled JUQAECWAES.
  1565 | D:2      | 1565 ||| READING scroll labelled QOYPNESOYP.
  1566 | D:2      | 1566 ||| DRINKING 2 grey potions.
  1604 | D:3      | Noticed Ijyb
  1605 | D:3      | 1605 ||| STAIRDANCE
  1610 | D:2      | Killed Ijyb
  1611 | D:2      | Reached skill level 4 in Axes
  1611 | D:2      | Reached XP level 5. HP: 31/32 MP: 5/5
  1687 | D:3      | 1687 ||| STAIRDANCE
  1777 | D:3      | 1777 ||| STAIRDANCE
  1871 | D:3      | 1871 ||| STAIRDANCE
  1960 | D:3      | 1960 ||| STAIRDANCE
  2310 | D:3      | Noticed Robin
  2311 | D:3      | 2311 ||| Stepping ~*~*~tactically~*~*~ (stealth).
  2313 | D:3      | 2313 ||| Stepping ~*~*~tactically~*~*~ (hiding).
  2317 | D:3      | 2317 ||| Stepping ~*~*~tactically~*~*~ (stealth).
  2342 | D:3      | Killed Robin
  2744 | D:3      | 2744 ||| Stepping ~*~*~tactically~*~*~ (hiding).
  2745 | D:3      | 2745 ||| Stepping ~*~*~tactically~*~*~ (hiding).
  2745 | D:3      | Found a faded altar of an unknown god.
  2746 | D:3      | 2746 ||| Stepping ~*~*~tactically~*~*~ (stealth).
  2747 | D:3      | 2747 ||| Stepping ~*~*~tactically~*~*~ (hiding).
  2749 | D:3      | 2749 ||| Stepping ~*~*~tactically~*~*~ (hiding).
  2751 | D:3      | 2751 ||| Stepping ~*~*~tactically~*~*~ (hiding).
  2769 | D:3      | Reached skill level 5 in Axes
  2941 | D:3      | 2941 ||| UPGRADING to +0 plate armour.
  2951 | D:3      | 2951 ||| DROPPING +0 chain mail.
  2952 | D:3      | 2952 ||| UPGRADING to +0 helmet.
  2957 | D:3      | 2957 ||| DRINKING 2 purple potions.
  2958 | D:3      | 2958 ||| READING 2 scrolls of identify.
  2958 | D:3      | 2958 ||| IDENTIFYING clear potion
  2959 | D:3      | 2959 ||| DROPPING potion of brilliance.
  2989 | D:4      | Noticed a water moccasin
  2990 | D:4      | 2990 ||| Stepping ~*~*~tactically~*~*~ (hiding).
  3000 | D:4      | Reached XP level 6. HP: 34/38 MP: 6/6
  3002 | D:4      | Killed a water moccasin
  3005 | D:4      | HP: 9/39 [orc priest/+0 mace (4)]
  3006 | D:4      | 3006 ||| DRINKING potion of heal wounds.
  3295 | D:4      | 3295 ||| Stepping ~*~*~tactically~*~*~ (stealth).
  3323 | D:4      | 3323 ||| Stepping ~*~*~tactically~*~*~ (stealth).
  3325 | D:4      | 3325 ||| Stepping ~*~*~tactically~*~*~ (stealth).
  3327 | D:4      | 3327 ||| Stepping ~*~*~tactically~*~*~ (stealth).
  3329 | D:4      | 3329 ||| Stepping ~*~*~tactically~*~*~ (hiding).
  3573 | D:4      | Reached XP level 7. HP: 44/44 MP: 7/7
  3583 | D:4      | 3583 ||| Stepping ~*~*~tactically~*~*~ (stealth).
  3664 | D:4      | 3664 ||| Stepping ~*~*~tactically~*~*~ (hiding).
  3680 | D:4      | Reached skill level 6 in Axes
  4169 | D:4      | 4169 ||| UPGRADING to +4 ring of protection.
  4170 | D:4      | 4170 ||| UPGRADING to +4 ring of protection.
  4171 | D:4      | 4171 ||| DRINKING 2 fuming orange potions.
  4216 | D:5      | Entered Level 5 of the Dungeon
  4237 | D:5      | Noticed qw's ghost (amateur GrFi)
  4241 | D:5      | Found a runed translucent gate.
  4241 | D:5      | Found a runed translucent gate.
  4241 | D:5      | Found a runed translucent gate.
  4494 | D:5      | Noticed Grinder
  4504 | D:5      | Paralysed by Grinder for 2 turns
  4508 | D:5      | 4508 ||| Stepping ~*~*~tactically~*~*~ (hiding).
  4509 | D:5      | 4509 ||| Stepping ~*~*~tactically~*~*~ (hiding).
  4511 | D:5      | 4511 ||| Stepping ~*~*~tactically~*~*~ (hiding).
  4512 | D:5      | 4512 ||| Stepping ~*~*~tactically~*~*~ (hiding).
  4520 | D:5      | Reached XP level 8. HP: 46/48 MP: 8/8
  4523 | D:5      | Paralysed by Grinder for 2 turns
  4537 | D:5      | Paralysed by Grinder for 3 turns
  4540 | D:5      | Killed Grinder
  4541 | D:5      | Reached skill level 7 in Axes
  4692 | D:5      | Noticed Eustachio
  4732 | D:5      | Killed Eustachio
  5053 | D:5      | 5053 ||| Stepping ~*~*~tactically~*~*~ (stealth).
  5056 | D:5      | 5056 ||| Stepping ~*~*~tactically~*~*~ (stealth).
  5068 | D:5      | Reached skill level 1 in Dodging
  5237 | D:5      | 5237 ||| READING 3 scrolls labelled EZUEMP QERCHO.
  5238 | D:5      | 5238 ||| READING 2 scrolls of brand weapon.
  5238 | D:5      | 5238 ||| BRANDING +0 war axe of freezing.
  5239 | D:5      | 5239 ||| READING scroll of brand weapon.
  5239 | D:5      | 5239 ||| BRANDING +0 war axe of venom.
  5240 | D:5      | 5240 ||| READING 2 scrolls of identify.
  5240 | D:5      | 5240 ||| IDENTIFYING green potion
  5241 | D:5      | 5241 ||| DROPPING potion of degeneration.
  5289 | D:6      | 5289 ||| Stepping ~*~*~tactically~*~*~ (stealth).
  5384 | D:6      | 5384 ||| FLEEEEING.
  5385 | D:6      | 5385 ||| FLEEEEING.
  5386 | D:6      | 5386 ||| FLEEEEING.
  5387 | D:6      | 5387 ||| FLEEEEING.
  5388 | D:6      | 5388 ||| FLEEEEING.
  5389 | D:6      | 5389 ||| FLEEEEING.
  5390 | D:6      | 5390 ||| FLEEEEING.
  5391 | D:6      | 5391 ||| DRINKING 4 potions of curing.
  5391 | D:6      | 5391 ||| (to cure confusion)
  5546 | D:6      | Reached skill level 8 in Axes
  5632 | D:6      | Reached XP level 9. HP: 47/55 MP: 9/9
  5705 | D:6      | Reached skill level 6 in Fighting
  6153 | D:6      | 6153 ||| READING scroll labelled YRRIS PETIB.
  6254 | D:6      | 6254 ||| READING 2 scrolls of identify.
  6254 | D:6      | 6254 ||| IDENTIFYING glowing puce potion
  6346 | D:7      | Reached skill level 9 in Axes
  6430 | D:7      | 6430 ||| READING scroll of brand weapon.
  6430 | D:7      | 6430 ||| BRANDING +0 vorpal war axe.
  6560 | D:7      | Found a staircase to the Ecumenical Temple.
  6561 | D:7      | 6561 ||| PLANNING TEMPLE
  6561 | D:7      | 6561 ||| READING scroll labelled BAFRATH ZATOX.
  6602 | Temple   | Entered the Ecumenical Temple
  6638 | Temple   | 6638 ||| PLANNING OKAWARU WORSHIP
  6739 | Temple   | Became a worshipper of Warmaster Okawaru
  6740 | Temple   | 6740 ||| PLANNING D:1-11
  6927 | D:7      | 6927 ||| Stepping ~*~*~tactically~*~*~ (stealth).
  6929 | D:7      | 6929 ||| Stepping ~*~*~tactically~*~*~ (stealth).
  6936 | D:7      | 6936 ||| Stepping ~*~*~tactically~*~*~ (stealth).
  7175 | D:7      | 7175 ||| Stepping ~*~*~tactically~*~*~ (stealth).
  7179 | D:7      | Reached skill level 6 in Armour
  7230 | D:7      | Found a stormy altar of Qazlal.
  7245 | D:7      | Reached * piety under Okawaru
  7260 | D:7      | Reached skill level 1 in Invocations
  7396 | D:7      | 7396 ||| INVOKING Heroism.
  7525 | D:7      | 7525 ||| INVOKING Heroism.
  7529 | D:7      | Reached XP level 10. HP: 63/63 MP: 7/11
  7586 | D:7      | 7586 ||| UPGRADING to +0 pair of gloves.
  7591 | D:7      | 7591 ||| UPGRADING to +2 cloak.
  7596 | D:7      | 7596 ||| READING scroll labelled YBRYUWKITU.
  7597 | D:7      | 7597 ||| READING scroll labelled BOICZIKKORCH.
  7597 | D:7      | Identified a scroll of acquirement
  7597 | D:7      | 7597 ||| ACQUIRING +3 pair of seven-league boots
                  | {Rampage+∞}
  7597 | D:7      | Acquired the +3 pair of seven-league boots {Rampage+∞}
  7597 | D:7      | Found the +3 pair of seven-league boots {Rampage+∞}
  7599 | D:7      | 7599 ||| UPGRADING to +3 pair of seven-league boots
                  | {Rampage+∞}.
  7609 | D:7      | 7609 ||| DROPPING +0 pair of boots.
  7610 | D:7      | 7610 ||| READING scroll labelled LOR KYEGEBO.
  7611 | D:7      | 7611 ||| READING 3 scrolls of identify.
  7611 | D:7      | 7611 ||| IDENTIFYING emerald potion
  7612 | D:7      | 7612 ||| READING 2 scrolls of identify.
  7612 | D:7      | 7612 ||| IDENTIFYING puce potion
  7613 | D:7      | 7613 ||| DROPPING potion of flight.
  7627 | D:8      | 7627 ||| STAIRDANCE
  7633 | D:8      | 7633 ||| STAIRDANCE
  7644 | D:8      | 7644 ||| STAIRDANCE
  7768 | D:8      | 7768 ||| Stepping randomly (stuck).
  7769 | D:8      | 7769 ||| Stepping ~*~*~tactically~*~*~ (hiding).
  7868 | D:8      | 7868 ||| Stepping randomly (stuck).
  7869 | D:8      | 7869 ||| Stepping randomly (stuck).
  7879 | D:8      | Reached skill level 3 in Invocations
  7881 | D:8      | 7881 ||| INVOKING Heroism.
  7978 | D:8      | 7978 ||| Stepping randomly (stuck).
  7988 | D:8      | 7988 ||| UPGRADING to amulet of reflection.
  7993 | D:8      | 7993 ||| Stepping randomly (stuck).
  8002 | D:8      | 8002 ||| Stepping randomly (stuck).
  8004 | D:8      | 8004 ||| Stepping randomly (stuck).
  8006 | D:8      | 8006 ||| Stepping randomly (stuck).
  8008 | D:8      | 8008 ||| Stepping randomly (stuck).
  8009 | D:8      | 8009 ||| Stepping randomly (stuck).
  8034 | D:8      | 8034 ||| READING 2 scrolls of identify.
  8034 | D:8      | 8034 ||| IDENTIFYING bubbling inky potion
  8035 | D:8      | 8035 ||| Stepping randomly (stuck).
  8036 | D:8      | 8036 ||| Stepping randomly (stuck).
  8038 | D:8      | 8038 ||| Stepping randomly (stuck).
  8044 | D:8      | 8044 ||| Stepping randomly (stuck).
  8045 | D:8      | 8045 ||| Stepping randomly (stuck).
  8047 | D:8      | 8047 ||| Stepping randomly (stuck).
  8048 | D:8      | 8048 ||| Stepping randomly (stuck).
  8049 | D:8      | 8049 ||| Stepping randomly (stuck).
  8050 | D:8      | 8050 ||| Stepping randomly (stuck).
  8051 | D:8      | 8051 ||| Stepping randomly (stuck).
  8052 | D:8      | 8052 ||| Stepping randomly (stuck).
  8053 | D:8      | 8053 ||| Stepping randomly (stuck).
  8054 | D:8      | 8054 ||| Stepping randomly (stuck).
  8055 | D:8      | 8055 ||| Stepping randomly (stuck).
  8061 | D:8      | 8061 ||| INVOKING Heroism.
  8088 | D:8      | 8088 ||| Stepping randomly (stuck).
  8089 | D:8      | 8089 ||| Stepping ~*~*~tactically~*~*~ (stealth).
  8090 | D:8      | 8090 ||| Stepping randomly (stuck).
  8091 | D:8      | 8091 ||| Stepping randomly (stuck).
  8092 | D:8      | 8092 ||| Stepping randomly (stuck).
  8093 | D:8      | 8093 ||| Stepping randomly (stuck).
  8094 | D:8      | 8094 ||| Stepping randomly (stuck).
  8096 | D:8      | 8096 ||| Stepping randomly (stuck).
  8097 | D:8      | 8097 ||| Stepping randomly (stuck).
  8098 | D:8      | 8098 ||| Stepping randomly (stuck).
  8099 | D:8      | 8099 ||| Stepping randomly (stuck).
  8100 | D:8      | 8100 ||| Stepping randomly (stuck).
  8101 | D:8      | 8101 ||| Stepping randomly (stuck).
  8102 | D:8      | 8102 ||| Stepping randomly (stuck).
  8103 | D:8      | 8103 ||| Stepping randomly (stuck).
  8128 | D:8      | 8128 ||| Stepping randomly (stuck).
  8130 | D:8      | 8130 ||| Stepping randomly (stuck).
  8131 | D:8      | 8131 ||| Stepping randomly (stuck).
  8132 | D:8      | 8132 ||| Stepping randomly (stuck).
  8133 | D:8      | 8133 ||| Stepping randomly (stuck).
  8134 | D:8      | 8134 ||| Stepping randomly (stuck).
  8135 | D:8      | 8135 ||| Stepping randomly (stuck).
  8136 | D:8      | 8136 ||| Stepping randomly (stuck).
  8137 | D:8      | 8137 ||| Stepping randomly (stuck).
  8142 | D:8      | 8142 ||| Stepping randomly (stuck).
  8143 | D:8      | 8143 ||| Stepping randomly (stuck).
  8540 | D:8      | 8540 ||| Stepping ~*~*~tactically~*~*~ (stealth).
  8542 | D:8      | 8542 ||| Stepping ~*~*~tactically~*~*~ (stealth).
  8544 | D:8      | 8544 ||| INVOKING Heroism.
  8546 | D:8      | 8546 ||| Stepping ~*~*~tactically~*~*~ (stealth).
  8559 | D:8      | 8559 ||| Stepping ~*~*~tactically~*~*~ (stealth).
  8701 | D:8      | 8701 ||| INVOKING Heroism.
  8724 | D:8      | 8724 ||| SWAPPING to +1 war axe of electrocution.
  8725 | D:8      | 8725 ||| DROPPING +1 war axe of freezing.
  8774 | D:8      | 8774 ||| READING scroll labelled WUIMMI ODWOX.
  8775 | D:8      | 8775 ||| READING 2 scrolls of identify.
  8775 | D:8      | 8775 ||| IDENTIFYING silvery potion
  8776 | D:8      | 8776 ||| DRINKING potion of experience.
  8776 | D:8      | Reached skill level 13 in Axes
  8776 | D:8      | Reached XP level 11. HP: 67/67 MP: 14/14
  8829 | D:9      | 8829 ||| Stepping ~*~*~tactically~*~*~ (hiding).
  8831 | D:9      | 8831 ||| Stepping ~*~*~tactically~*~*~ (hiding).
  8976 | D:9      | 8976 ||| Stepping ~*~*~tactically~*~*~ (stealth).
  8978 | D:9      | 8978 ||| INVOKING Heroism.
  9036 | D:9      | 9036 ||| INVOKING Heroism.
  9247 | D:9      | 9247 ||| Stepping ~*~*~tactically~*~*~ (stealth).
  9294 | D:9      | 9294 ||| Stepping randomly (disturbance).
  9307 | D:9      | Reached ** piety under Okawaru
  9308 | D:9      | Reached skill level 3 in Throwing
  9340 | D:9      | Found a transporter.
  9342 | D:9      | Found the +8 orange crystal plate armour {Archmagi, Int+3
                  | Clar}
  9346 | D:9      | Found a transporter.
  9351 | D:9      | Noticed qw's ghost (journeyman GrFi)
  9429 | D:9      | Noticed a two-headed ogre
  9430 | D:9      | 9430 ||| INVOKING Heroism.
  9440 | D:9      | Killed a two-headed ogre
  9613 | D:9      | 9613 ||| Stepping ~*~*~tactically~*~*~ (hiding).
  9622 | D:9      | 9622 ||| INVOKING Heroism.
  9704 | D:9      | 9704 ||| INVOKING Heroism.
 10009 | D:9      | 10009 ||| READING scroll labelled QEOHIU SIN KEL.
 10014 | D:9      | 10014 ||| READING 3 scrolls of identify.
 10014 | D:9      | 10014 ||| IDENTIFYING brown potion
 10015 | D:9      | 10015 ||| DROPPING potion of berserk rage.
 10042 | D:10     | Entered Level 10 of the Dungeon
 10139 | D:10     | 10139 ||| Stepping ~*~*~tactically~*~*~ (stealth).
 10187 | D:10     | 10187 ||| INVOKING Heroism.
 10207 | D:10     | 10207 ||| DROPPING +0 flail.
 10213 | D:10     | 10213 ||| Stepping ~*~*~tactically~*~*~ (hiding).
 10217 | D:10     | 10217 ||| INVOKING Heroism.
 10229 | D:10     | Reached skill level 9 in Fighting
 10288 | D:10     | Found a portal to a secret trove of treasure.
 10341 | D:10     | 10341 ||| INVOKING Heroism.
 10356 | D:10     | Noticed an orc knight
 10365 | D:10     | Killed an orc knight
 10365 | D:10     | Reached *** piety under Okawaru
 10372 | D:10     | 10372 ||| Stepping ~*~*~tactically~*~*~ (hiding).
 10374 | D:10     | 10374 ||| Stepping ~*~*~tactically~*~*~ (hiding).
 10375 | D:10     | 10375 ||| Stepping ~*~*~tactically~*~*~ (hiding).
 10377 | D:10     | 10377 ||| FLEEEEING.
 10378 | D:10     | 10378 ||| Stepping ~*~*~tactically~*~*~ (hiding).
 10380 | D:10     | 10380 ||| INVOKING Heroism.
 10501 | D:10     | Found a staircase to the Orcish Mines.
 10571 | D:10     | Found a flagged portal.
 10573 | D:10     | 10573 ||| INVOKING Heroism.
 10658 | D:10     | Found a snail-covered altar of Cheibriados.
 10665 | D:10     | Found a bloodstained altar of Trog.
 10666 | D:10     | Found a radiant altar of Vehumet.
 10668 | D:10     | Found a blossoming altar of Fedhas.
 10668 | D:10     | Found a white marble altar of Elyvilon.
 10669 | D:10     | Found a broken altar of Ashenzari.
 10675 | D:10     | Found an ornate altar of the Wu Jian Council.
 10719 | D:10     | 10719 ||| READING scroll labelled VOUBBU XEZEXTIM.
 10793 | D:11     | 10793 ||| INVOKING Heroism.
 10803 | D:11     | Reached skill level 9 in Armour
 10830 | D:11     | Noticed a manticore
 10831 | D:11     | 10831 ||| INVOKING Heroism.
 10832 | D:11     | 10832 ||| Stepping ~*~*~tactically~*~*~ (hiding).
 10839 | D:11     | Killed a manticore
 10840 | D:11     | Reached XP level 12. HP: 76/76 MP: 13/15
 11036 | D:11     | 11036 ||| INVOKING Heroism.
 11038 | D:11     | Reached skill level 6 in Shields
 11144 | D:11     | 11144 ||| INVOKING Heroism.
 11149 | D:11     | 11149 ||| Stepping ~*~*~tactically~*~*~ (stealth).
 11166 | D:11     | 11166 ||| INVOKING Heroism.
 11185 | D:11     | Reached **** piety under Okawaru
 11225 | D:11     | 11225 ||| Stepping ~*~*~tactically~*~*~ (stealth).
 11227 | D:11     | 11227 ||| Stepping ~*~*~tactically~*~*~ (stealth).
 11228 | D:11     | 11228 ||| Stepping ~*~*~tactically~*~*~ (stealth).
 11229 | D:11     | 11229 ||| Stepping ~*~*~tactically~*~*~ (stealth).
 11235 | D:11     | 11235 ||| INVOKING Heroism.
 11340 | D:11     | Found a frozen archway.
 11524 | D:11     | 11524 ||| Stepping ~*~*~tactically~*~*~ (hiding).
 11543 | D:11     | 11543 ||| Stepping ~*~*~tactically~*~*~ (stealth).
 11547 | D:11     | Found a staircase to the Lair.
 11557 | D:11     | 11557 ||| Stepping ~*~*~tactically~*~*~ (hiding).
 11558 | D:11     | 11558 ||| INVOKING Heroism.
 11559 | D:11     | 11559 ||| Stepping ~*~*~tactically~*~*~ (cloud).
 11623 | D:11     | 11623 ||| INVOKING Heroism.
 11809 | D:11     | 11809 ||| PLANNING LAIR
 11809 | D:11     | 11809 ||| DROPPING amulet of the acrobat.
 11810 | D:11     | 11810 ||| READING scroll labelled BYEMIA CIMYZA.
 11811 | D:11     | 11811 ||| DRINKING 2 blue potions.
 11903 | Lair:1   | Entered Level 1 of the Lair of Beasts
 11903 | Lair:1   | Noticed Sonja
 11937 | Lair:1   | 11937 ||| INVOKING Heroism.
 11938 | Lair:1   | HP: 18/77 [Sonja/+5 short sword of distortion (12)]
 11939 | Lair:1   | 11939 ||| DRINKING potion of heal wounds.
 11943 | Lair:1   | Killed Sonja
 11943 | Lair:1   | Received a gift from Okawaru
 11991 | Lair:1   | 11991 ||| INVOKING Heroism.
 11992 | Lair:1   | 11992 ||| Stepping ~*~*~tactically~*~*~ (stealth).
 12185 | Lair:1   | 12185 ||| INVOKING Heroism.
 12258 | Lair:1   | Reached skill level 6 in Invocations
 12264 | Lair:1   | 12264 ||| Stepping ~*~*~tactically~*~*~ (stealth).
 12306 | Lair:1   | 12306 ||| INVOKING Heroism.
 12395 | Lair:1   | Noticed Nergalle
 12396 | Lair:1   | 12396 ||| INVOKING Heroism.
 12397 | Lair:1   | 12397 ||| Stepping ~*~*~tactically~*~*~ (stealth).
 12408 | Lair:1   | Killed Nergalle
 12587 | Lair:1   | 12587 ||| Stepping ~*~*~tactically~*~*~ (stealth).
 12640 | Lair:1   | 12640 ||| INVOKING Heroism.
 12783 | Lair:1   | You fall into a shaft and drop 1 floor!
 12795 | Lair:2   | 12795 ||| READING scroll labelled HYGOTA JEOFAIN.
 12801 | Lair:2   | Noticed a five-headed hydra
 12803 | Lair:2   | 12803 ||| INVOKING Heroism.
 12804 | Lair:2   | 12804 ||| SWAPPING to +0 flail of protection.
 12811 | Lair:2   | Killed a five-headed hydra
 12812 | Lair:2   | 12812 ||| SWAPPING to +1 war axe of electrocution.
 12889 | Lair:1   | Noticed a boulder beetle
 12890 | Lair:1   | 12890 ||| INVOKING Heroism.
 12918 | Lair:1   | Killed a boulder beetle
 12918 | Lair:1   | Reached ***** piety under Okawaru
 13133 | Lair:1   | 13133 ||| Stepping ~*~*~tactically~*~*~ (stealth).
 13134 | Lair:1   | 13134 ||| Stepping ~*~*~tactically~*~*~ (stealth).
 13197 | Lair:1   | 13197 ||| INVOKING Heroism.
 13338 | Lair:1   | 13338 ||| INVOKING Heroism.
 13343 | Lair:1   | Reached XP level 13. HP: 80/82 MP: 15/18
 13565 | Lair:2   | 13565 ||| INVOKING Heroism.
 13763 | Lair:2   | 13763 ||| INVOKING Heroism.
 13807 | Lair:2   | 13807 ||| Stepping ~*~*~tactically~*~*~ (stealth).
 13810 | Lair:2   | 13810 ||| Stepping ~*~*~tactically~*~*~ (stealth).
 13811 | Lair:2   | 13811 ||| Stepping ~*~*~tactically~*~*~ (stealth).
 13931 | Lair:2   | Reached skill level 14 in Axes
 14112 | Lair:2   | 14112 ||| Stepping ~*~*~tactically~*~*~ (stealth).
 14348 | Lair:3   | 14348 ||| INVOKING Heroism.
 14349 | Lair:3   | 14349 ||| INVOKING Finesse.
 14350 | Lair:3   | 14350 ||| SWAPPING to +0 flail of protection.
 14352 | Lair:3   | 14352 ||| Stepping ~*~*~tactically~*~*~ (hiding).
 14361 | Lair:3   | 14361 ||| SWAPPING to +1 war axe of electrocution.
 14396 | Lair:3   | 14396 ||| Stepping ~*~*~tactically~*~*~ (stealth).
 14397 | Lair:3   | 14397 ||| INVOKING Heroism.
 14408 | Lair:3   | Reached skill level 9 in Invocations
 14454 | Lair:3   | Found a hole to the Spider Nest.
 14615 | Lair:3   | 14615 ||| INVOKING Heroism.
 14703 | Lair:3   | Found a staircase to the Shoals.
 14886 | Lair:3   | 14886 ||| Stepping ~*~*~tactically~*~*~ (hiding).
 15054 | Lair:3   | 15054 ||| INVOKING Heroism.
 15056 | Lair:3   | 15056 ||| Stepping ~*~*~tactically~*~*~ (stealth).
 15069 | Lair:3   | 15069 ||| Stepping ~*~*~tactically~*~*~ (stealth).
 15074 | Lair:3   | 15074 ||| Stepping ~*~*~tactically~*~*~ (stealth).
 15081 | Lair:3   | Received a gift from Okawaru
 15095 | Lair:3   | 15095 ||| INVOKING Heroism.
 15349 | Lair:3   | 15349 ||| DROPPING +2 hat.
 15370 | Lair:4   | 15370 ||| STAIRDANCE
 15379 | Lair:4   | 15379 ||| STAIRDANCE
 15431 | Lair:4   | 15431 ||| INVOKING Heroism.
 15432 | Lair:4   | 15432 ||| INVOKING Finesse.
 15434 | Lair:4   | 15434 ||| SWAPPING to +0 flail of protection.
 15441 | Lair:4   | 15441 ||| SWAPPING to +1 war axe of electrocution.
 15446 | Lair:4   | 15446 ||| Stepping ~*~*~tactically~*~*~ (stealth).
 15447 | Lair:4   | 15447 ||| Stepping ~*~*~tactically~*~*~ (stealth).
 15518 | Lair:4   | 15518 ||| Stepping ~*~*~tactically~*~*~ (hiding).
 15520 | Lair:4   | 15520 ||| INVOKING Heroism.
 15575 | Lair:4   | Found a shimmering blue altar of Sif Muna.
 15576 | Lair:4   | 15576 ||| INVOKING Heroism.
 15577 | Lair:4   | 15577 ||| INVOKING Finesse.
 15732 | Lair:4   | Found an ancient bone altar of Kikubaaqudgha.
 15799 | Lair:4   | 15799 ||| Stepping ~*~*~tactically~*~*~ (stealth).
 15808 | Lair:4   | Found a transporter.
 15831 | Lair:4   | 15831 ||| Stepping ~*~*~tactically~*~*~ (hiding).
 15835 | Lair:4   | 15835 ||| INVOKING Heroism.
 15836 | Lair:4   | 15836 ||| INVOKING Finesse.
 15842 | Lair:4   | Received a gift from Okawaru
 16002 | Lair:4   | Found a transporter.
 16096 | Lair:4   | Noticed qw's ghost (journeyman GrFi)
 16181 | Lair:4   | 16181 ||| UPGRADING to +1 pair of gloves of strength.
 16191 | Lair:4   | 16191 ||| DROPPING +0 pair of gloves.
 16192 | Lair:4   | 16192 ||| DROPPING +6 ring of dexterity.
 16193 | Lair:4   | 16193 ||| READING scroll labelled ERIZIR AFUROMM.
 16227 | Lair:5   | Entered Level 5 of the Lair of Beasts
 16228 | Lair:5   | 16228 ||| INVOKING Heroism.
 16231 | Lair:5   | 16231 ||| STAIRDANCE
 16265 | Lair:5   | 16265 ||| INVOKING Finesse.
 16267 | Lair:5   | 16267 ||| Stepping ~*~*~tactically~*~*~ (stealth).
 16300 | Lair:5   | 16300 ||| Stepping ~*~*~tactically~*~*~ (hiding).
 16303 | Lair:5   | 16303 ||| INVOKING Heroism.
 16312 | Lair:5   | 16312 ||| INVOKING Finesse.
 16379 | Lair:5   | 16379 ||| INVOKING Heroism.
 16409 | Lair:5   | 16409 ||| DROPPING +0 flail of protection.
 16437 | Lair:5   | 16437 ||| Stepping ~*~*~tactically~*~*~ (stealth).
 16440 | Lair:5   | 16440 ||| INVOKING Heroism.
 16448 | Lair:5   | 16448 ||| Stepping ~*~*~tactically~*~*~ (stealth).
 16589 | Lair:5   | 16589 ||| Stepping ~*~*~tactically~*~*~ (stealth).
 16593 | Lair:5   | 16593 ||| Stepping ~*~*~tactically~*~*~ (stealth).
 16595 | Lair:5   | 16595 ||| Stepping ~*~*~tactically~*~*~ (stealth).
 16598 | Lair:5   | 16598 ||| Stepping ~*~*~tactically~*~*~ (hiding).
 16600 | Lair:5   | 16600 ||| INVOKING Heroism.
 16770 | Lair:5   | 16770 ||| Stepping ~*~*~tactically~*~*~ (stealth).
 16773 | Lair:5   | 16773 ||| Stepping ~*~*~tactically~*~*~ (stealth).
 16778 | Lair:5   | 16778 ||| Stepping ~*~*~tactically~*~*~ (stealth).
 16795 | Lair:5   | 16795 ||| Stepping ~*~*~tactically~*~*~ (stealth).
 16816 | Lair:5   | 16816 ||| Stepping ~*~*~tactically~*~*~ (stealth).
 16819 | Lair:5   | Gained mutation: Your large and strong wings let you fly.
                  | [Gargoyle growth]
 16819 | Lair:5   | Reached XP level 14. HP: 90/90 MP: 21/21
 16821 | Lair:5   | 16821 ||| INVOKING Heroism.
 16858 | Lair:5   | 16858 ||| Stepping ~*~*~tactically~*~*~ (stealth).
 16859 | Lair:5   | 16859 ||| Stepping ~*~*~tactically~*~*~ (stealth).
 16860 | Lair:5   | 16860 ||| Stepping ~*~*~tactically~*~*~ (stealth).
 16876 | Lair:5   | Reached skill level 15 in Axes
 16907 | Lair:5   | 16907 ||| INVOKING Heroism.
 16909 | Lair:5   | 16909 ||| Stepping ~*~*~tactically~*~*~ (hiding).
 16933 | Lair:5   | 16933 ||| Stepping ~*~*~tactically~*~*~ (stealth).
 16934 | Lair:5   | 16934 ||| Stepping ~*~*~tactically~*~*~ (stealth).
 16961 | Lair:5   | 16961 ||| INVOKING Heroism.
 17009 | Lair:5   | 17009 ||| INVOKING Heroism.
 17159 | Lair:5   | 17159 ||| Stepping ~*~*~tactically~*~*~ (stealth).
 17190 | Lair:5   | 17190 ||| INVOKING Heroism.
 17195 | Lair:5   | Reached skill level 12 in Fighting
 17216 | Lair:5   | 17216 ||| Stepping ~*~*~tactically~*~*~ (stealth).
 17220 | Lair:5   | 17220 ||| Stepping ~*~*~tactically~*~*~ (stealth).
 17263 | Lair:5   | 17263 ||| Stepping ~*~*~tactically~*~*~ (stealth).
 17267 | Lair:5   | 17267 ||| Stepping ~*~*~tactically~*~*~ (stealth).
 17314 | Lair:5   | 17314 ||| Stepping ~*~*~tactically~*~*~ (stealth).
 17315 | Lair:5   | 17315 ||| Stepping ~*~*~tactically~*~*~ (stealth).
 17324 | Lair:5   | 17324 ||| Stepping ~*~*~tactically~*~*~ (stealth).
 17327 | Lair:5   | 17327 ||| Stepping ~*~*~tactically~*~*~ (stealth).
 17329 | Lair:5   | 17329 ||| INVOKING Heroism.
 17340 | Lair:5   | Received a gift from Okawaru
 17409 | Lair:5   | 17409 ||| INVOKING Heroism.
 17410 | Lair:5   | 17410 ||| INVOKING Finesse.
 17440 | Lair:5   | Reached skill level 12 in Armour
 17486 | Lair:5   | 17486 ||| Stepping ~*~*~tactically~*~*~ (stealth).
 17490 | Lair:5   | Found a staircase to the Slime Pits.
 17491 | Lair:5   | 17491 ||| Stepping ~*~*~tactically~*~*~ (stealth).
 17494 | Lair:5   | Found a viscous altar of Jiyva.
 17526 | Lair:5   | 17526 ||| Stepping ~*~*~tactically~*~*~ (stealth).
 17534 | Lair:5   | 17534 ||| Stepping ~*~*~tactically~*~*~ (stealth).
 17539 | Lair:5   | Received a gift from Okawaru
 17582 | Lair:5   | 17582 ||| INVOKING Heroism.
 17602 | Lair:5   | 17602 ||| Stepping ~*~*~tactically~*~*~ (stealth).
 17717 | Lair:5   | 17717 ||| DROPPING +0 morningstar.
 17861 | Lair:5   | 17861 ||| Stepping ~*~*~tactically~*~*~ (stealth).
 17863 | Lair:5   | 17863 ||| INVOKING Heroism.
 17903 | Lair:5   | HP: 23/92 [spriggan rider/+0 spear (5)]
 17904 | Lair:5   | 17904 ||| READING 7 scrolls of teleportation.
 17910 | Lair:5   | 17910 ||| INVOKING Heroism.
 17911 | Lair:5   | 17911 ||| INVOKING Finesse.
 17911 | Lair:5   | HP: 23/92 [cane toad (2)]
 17912 | Lair:5   | 17912 ||| READING 6 scrolls of teleportation.
 17925 | Lair:5   | 17925 ||| READING 5 scrolls of teleportation.
 17926 | Lair:5   | HP: 18/92 [acid (3)]
 17934 | Lair:5   | 17934 ||| FLEEEEING.
 17985 | Lair:5   | 17985 ||| FLEEEEING.
 17986 | Lair:5   | 17986 ||| FLEEEEING.
 17997 | Lair:5   | 17997 ||| FLEEEEING.
 18286 | Lair:5   | 18286 ||| INVOKING Heroism.
 18587 | Lair:5   | Identified the +2 barding of Quiet Fog {rElec Stlth+}
 18648 | Lair:5   | 18648 ||| PLANNING D
 18648 | Lair:5   | 18648 ||| DROPPING amulet of regeneration.
 18649 | Lair:5   | 18649 ||| READING 12 scrolls of identify.
 18649 | Lair:5   | 18649 ||| IDENTIFYING lumpy emerald potion
 18911 | D:12     | 18911 ||| INVOKING Heroism.
 18912 | D:12     | 18912 ||| INVOKING Finesse.
 19011 | D:12     | Found Cifumn's Weapon Shop.
 19064 | D:12     | 19064 ||| Stepping ~*~*~tactically~*~*~ (stealth).
 19065 | D:12     | 19065 ||| Stepping ~*~*~tactically~*~*~ (stealth).
 19240 | D:12     | Reached skill level 16 in Axes
 19264 | D:12     | 19264 ||| FLEEEEING.
 19265 | D:12     | 19265 ||| FLEEEEING.
 19266 | D:12     | 19266 ||| FLEEEEING.
 19267 | D:12     | 19267 ||| FLEEEEING.
 19287 | D:12     | 19287 ||| Stepping ~*~*~tactically~*~*~ (stealth).
 19592 | D:13     | Noticed Rupert
 19592 | D:13     | Noticed Urug
 19592 | D:13     | Noticed Nessos
 19592 | D:13     | Found a gate to the Vaults.
 19593 | D:13     | 19593 ||| INVOKING Heroism.
 19594 | D:13     | 19594 ||| STAIRDANCE
 19596 | D:12     | 19596 ||| DRINKING 11 potions of curing.
 19596 | D:12     | 19596 ||| (to cure confusion)
 19608 | D:13     | 19608 ||| STAIRDANCE
 19612 | D:12     | Received a gift from Okawaru
 19642 | D:13     | 19642 ||| STAIRDANCE
 19644 | D:12     | 19644 ||| INVOKING Finesse.
 19669 | D:12     | Killed Rupert
 19670 | D:12     | Reached skill level 3 in Dodging
 19670 | D:12     | Reached XP level 15. HP: 93/96 MP: 17/22
 19696 | D:12     | 19696 ||| UPGRADING to +4 chain mail of cold resistance.
 19706 | D:12     | 19706 ||| DROPPING +0 plate armour.
 19710 | D:13     | 19710 ||| STAIRDANCE
 19712 | D:12     | 19712 ||| INVOKING Heroism.
 19757 | D:13     | 19757 ||| INVOKING Heroism.
 19758 | D:13     | 19758 ||| STAIRDANCE
 19760 | D:12     | 19760 ||| INVOKING Finesse.
 19763 | D:12     | Paralysed by Urug for 4 turns
 19771 | D:12     | Killed Urug
 19847 | D:13     | 19847 ||| STAIRDANCE
 20010 | D:13     | 20010 ||| STAIRDANCE
 20010 | D:13     | Killed Nessos
 20010 | D:13     | Received a gift from Okawaru
 20206 | D:13     | 20206 ||| Stepping ~*~*~tactically~*~*~ (hiding).
 20207 | D:13     | 20207 ||| Stepping ~*~*~tactically~*~*~ (hiding).
 20210 | D:13     | 20210 ||| Stepping ~*~*~tactically~*~*~ (hiding).
 20211 | D:13     | 20211 ||| Stepping ~*~*~tactically~*~*~ (hiding).
 20236 | D:13     | 20236 ||| Stepping ~*~*~tactically~*~*~ (stealth).
 20241 | D:13     | 20241 ||| Stepping ~*~*~tactically~*~*~ (hiding).
 20244 | D:13     | 20244 ||| INVOKING Heroism.
 20266 | D:13     | 20266 ||| Stepping ~*~*~tactically~*~*~ (stealth).
 20269 | D:13     | 20269 ||| Stepping ~*~*~tactically~*~*~ (stealth).
 20325 | D:13     | 20325 ||| INVOKING Heroism.
 20327 | D:13     | 20327 ||| Stepping ~*~*~tactically~*~*~ (stealth).
 20339 | D:13     | Received a gift from Okawaru
 20413 | D:13     | 20413 ||| FLEEEEING.
 20414 | D:13     | 20414 ||| FLEEEEING.
 20433 | D:13     | 20433 ||| FLEEEEING.
 20435 | D:13     | 20435 ||| FLEEEEING.
 20436 | D:13     | 20436 ||| FLEEEEING.
 20437 | D:13     | 20437 ||| FLEEEEING.
 20438 | D:13     | 20438 ||| FLEEEEING.
 20453 | D:13     | 20453 ||| FLEEEEING.
 20454 | D:13     | 20454 ||| FLEEEEING.
 20455 | D:13     | 20455 ||| FLEEEEING.
 20556 | D:13     | 20556 ||| DRINKING 10 potions of curing.
 20556 | D:13     | 20556 ||| (to cure confusion)
 20574 | D:13     | Found Bujeac's Demolitions Depot.
 20770 | D:13     | 20770 ||| Stepping ~*~*~tactically~*~*~ (stealth).
 20772 | D:13     | 20772 ||| Stepping ~*~*~tactically~*~*~ (stealth).
 20904 | D:13     | Received a gift from Okawaru
 20906 | D:13     | 20906 ||| SWAPPING to +3 vampiric broad axe.
 20907 | D:13     | 20907 ||| DROPPING +1 war axe of electrocution.
 21140 | D:13     | 21140 ||| DROPPING +0 hat of intelligence.
 21202 | D:14     | Noticed Snorg
 21203 | D:14     | 21203 ||| INVOKING Finesse.
 21213 | D:14     | 21213 ||| INVOKING Heroism.
 21219 | D:14     | Killed Snorg
 21264 | D:14     | 21264 ||| Stepping ~*~*~tactically~*~*~ (stealth).
 21324 | D:14     | Identified the +7 rapier of Mameeq {flame, rElec rCorr
                  | Str-3 Dex+3}
 21406 | D:14     | 21406 ||| INVOKING Heroism.
 21421 | D:14     | HP: 12/78 [wretched star/lance of force (21)]
 21423 | D:14     | Killed from afar by a wretched star

Levels and vault maps discovered:
D:1:      lightli_molten_gateway, layout_rooms, serial_curves, eino_curves_02,
          eino_curves_01
D:2:      layout_rooms, uniq_crazy_yiuf_cottage
D:3:      layout_basic, hellmonk_ecumenical_altar_blasted, serial_bayou_pond_b,
          st_stairs_6, uniq_robin, uniq_ijyb
D:4:      minmay_opposing_rooms, layout_basic
D:5:      layout_basic, gammafunk_ghost_split, minmay_misc_feat_plants,
          lexackson_kobold_supper, uniq_grinder, uniq_eustachio
D:6:      layout_gridville, st_stairs_13, hangedman_decor_points
D:7:      layout_loops_corners, grunt_qazlal_sundering,
          minmay_temple_entry_arrows
D:8:      layout_basic, minmay_puff
D:9:      layout_stronghold, gammafunk_ghost_hive, minmay_misc_feat_four_crosses
D:10:     layout_roguey, nicolae_overflow_hallway_of_the_gods, david_orc_5,
          enter_bailey_5, nicolae_trove_entry_crossroad
D:11:     layout_small_grid, erik_lair_dragon, serial_ice, serial_ice_n,
          serial_ice_f, serial_ice_m, serial_ice_o, serial_ice_e, serial_ice_k,
          portal_ice_cave_rime, grunt_decor_one_mirror
D:12:     layout_basic, serial_shops, nicolae_shop_bloodbath_and_beyond
D:13:     layout_irregular_city, david_vaults_3, nicolae_blasting_shop
D:14:     layout_basic, hellmonk_guarded_unrand_starlight, uniq_snorg
Temple:   eino_narrow_crystal_temple
Lair:1:   beast_lair_carwin_large_1, layout_small_grid, uniq_sonja,
          uniq_nergalle
Lair:2:   layout_loops_ring
Lair:3:   layout_small_grid, minmay_shoals_entry_lonely_mermaid,
          spider_nest_entry_web_field
Lair:4:   layout_long_grid, basic_altar, gammafunk_ghost_arena,
          lemuel_oklob_altar, grunt_megastairs_3
Lair:5:   minmay_lair_end_enchanted_forest, layout_long_grid,
          minmay_slime_entry_jelly_boxes, minivault_11, st_stairs_5,
          kilobyte_rumbling_trees

Skill      XL: |  1  2  3  4  5  6  7  8  9 10 11 12 13 14 15 |
---------------+----------------------------------------------+-----
Axes           | 2 3 4 5 6 8 9 13 14 16 | 16.3
Throwing       | 1 2 3 4 5 |  5.8
Fighting       | 4 5 7 9 10 11 12 13 | 13.0
Armour         | 4 5 6 7 9 10 11 12 | 12.0
Dodging        | 1 2 3 |  3.3
Shields        | 4 5 6 7 8 |  8.2
Invocations    | 1 4 7 10 | 10.0

Action                   |  1- 3 |  4- 6 |  7- 9 | 10-12 | 13-15 || total
-------------------------+-------+-------+-------+-------+-------++-------
Melee: War axe           |    61 |   175 |   277 |   399 |   788 ||  1700
       Flail             |       |       |       |     7 |    11 ||    18
       Broad axe         |       |       |       |       |    66 ||    66
Throw: Javelin           |     8 |    32 |    60 |    71 |    95 ||   266
       Boomerang         |       |    11 |    15 |    41 |   136 ||   203
Invok: Heroism           |       |       |     2 |    32 |    35 ||    69
       Finesse           |       |       |       |       |    12 ||    12
  Use: Scroll            |     2 |     3 |     8 |    13 |     5 ||    31
       Potion            |       |     3 |     2 |     3 |     2 ||    10
Armor: Scale mail        |    28 |     7 |       |       |       ||    35
       Chain mail        |       |    72 |       |       |   102 ||   174
       Plate armour      |       |    55 |   255 |   212 |   306 ||   828
Dodge: Dodged            |    33 |    53 |    96 |    95 |   192 ||   469
Block: Buckler           |    13 |    40 |    60 |   156 |   370 ||   639
       Reflection        |       |       |       |    14 |    17 ||    31

Table legend:
 A = Non-vault XP
 B = Vault XP
 C = Vault XP percentage of total XP
 D = Non-vault monster count
 E = Vault monster count
 F = Vault count percentage of total count
                 A         B        C        D         E       F
            +---------+---------+-------+---------+---------+-------
      Total |   67538 |   31938 |  32.1 |     374 |     196 |  34.4
            +---------+---------+-------+---------+---------+-------
        D:1 |      24 |       0 |   0.0 |      17 |       0 |   0.0
        D:2 |     106 |      40 |  27.4 |      28 |       3 |   9.7
        D:3 |      90 |      42 |  31.8 |      13 |      16 |  55.2
        D:4 |     331 |     211 |  38.9 |      20 |      10 |  33.3
        D:5 |     445 |     558 |  55.6 |       8 |      10 |  55.6
        D:6 |     997 |     126 |  11.2 |      15 |       1 |   6.2
        D:7 |    1815 |       0 |   0.0 |      25 |       0 |   0.0
        D:8 |     634 |     581 |  47.8 |      14 |       3 |  17.6
        D:9 |    2508 |       0 |   0.0 |      28 |       0 |   0.0
       D:10 |    2276 |    1008 |  30.7 |      19 |      26 |  57.8
       D:11 |    2403 |    3675 |  60.5 |      12 |      22 |  64.7
       D:12 |    7428 |    5796 |  43.8 |      18 |      18 |  50.0
       D:13 |    7882 |    1856 |  19.1 |      29 |       2 |   6.5
       D:14 |    2924 |    2456 |  45.7 |       6 |       3 |  33.3
     Lair:1 |    4757 |    2700 |  36.2 |      21 |      11 |  34.4
     Lair:2 |    4614 |       0 |   0.0 |      16 |       0 |   0.0
     Lair:3 |    4750 |     972 |  17.0 |      20 |       3 |  13.0
     Lair:4 |    6086 |     565 |   8.5 |      16 |       1 |   5.9
     Lair:5 |   17468 |   11352 |  39.4 |      49 |      67 |  57.8
            +---------+---------+-------+---------+---------+-------
